 Dungeon Sprint DCSS version 0.18-a0-1041-gbe91bf5 (webtiles) character file.

0 M4edhros the Apprentice (level 3, 0/23 HPs)
             Began as an Octopode Artificer on Jan 11, 2016.
             Was an Initiate of Pakellas.
             Slain by a jackal skeleton (2 damage)
             ... in the Dungeon (Sprint VI: "Thunderdome").
             The game lasted 00:00:49 (37 turns).

M4edhros the Apprentice (Octopode Artificer)          Turns: 37, Time: 00:00:49

Health: 0/23       AC:  5    Str: 15    XL:     3   Next: 47%
Magic:  4/8        EV: 14    Int: 14    God:    Pakellas [......]
Gold:   20         SH:  0    Dex: 16    Spells: 0 memorised, 2 levels left

rFire  . . .     SeeInvis .     a - +0 short sword
rCold  . . .     Gourm    .     (no shield)
rNeg   + . .     Faith    .     (helmet restricted)
rPois  .         Spirit   .     (no amulet)
rElec  +         Dismiss  .     s - ring "Qopsoy" {+Inv AC+4}
rCorr  .         Reflect  .     r - ring "Cosh" {MR+ Stlth-}
SustAt +         Harm     .     p - ring of Fonify {rElec rN+ MR+}
MR     ++...     NoTele   +     q - ring of Beauty {SustAt Str+5 Dex+3}
Stlth  ++........               (no ring)
                                (no ring)
                                (no ring)
                                (no ring)

@: very resistant to hostile enchantments, unstealthy
A: almost no armour, amphibious, 8 rings, constrict 8, camouflage 1, gelatinous
body 1
a: Renounce Religion, Evoke Invisibility


You were in the Dungeon.
You worshipped Pakellas.
Pakellas was noncommittal.
You were not hungry.

You visited 1 branch You collected 200 gold pieces.
You spent 180 gold pieces at shops.

Inventory:

Hand Weapons
 a - a +0 short sword (weapon)
Jewellery
 p - the ring of Fonify (on tentacle) {rElec rN+ MR+}
   (You bought it in a shop in the Dungeon)

   [ring of positive energy]

   It insulates you from electricity.
   It protects you from negative energy.
   It affects your resistance to hostile enchantments.
 q - the ring of Beauty (on tentacle) {SustAt Str+5 Dex+3}
   (You bought it in a shop in the Dungeon)

   [ring of sustain attributes]

   It sustains your strength, intelligence and dexterity.
   It affects your strength (+5).
   It affects your dexterity (+3).
 r - the ring "Cosh" (right tentacle) {MR+ Stlth-}
   (You bought it in a shop in the Dungeon)

   [ring of loudness]

   It affects your resistance to hostile enchantments.
   It makes you less stealthy.
 s - the ring "Qopsoy" (left tentacle) {+Inv AC+4}
   (You bought it in a shop in the Dungeon)

   [ring of protection]

   It affects your AC (+4).
   It lets you turn invisible.
Wands
 b - a wand of flame (12/48)
 c - a wand of enslavement (15/24)
 d - a wand of random effects (15/48)
 m - a wand of cold (5/15)
 n - a wand of fire (5/15)
Scrolls
 k - 4 scrolls of blinking
 o - 3 scrolls of fog
Potions
 e - a potion of curing
 g - 4 potions of heal wounds
 h - 4 potions of haste
 i - 2 potions of magic
 j - a potion of berserk rage
 l - a potion of resistance
Comestibles
 f - a bread ration


   Skills:
 + Level 1.2 Fighting
 + Level 1.1 Short Blades
 + Level 3.4 Dodging
 + Level 1.3 Stealth
 + Level 7.2 Evocations


You had 2 spell levels left.
You didn't know any spells.

Dungeon Overview and Level Annotations

Branches:
Dungeon (1/1)

Altars:
Pakellas
Ru
Sif Muna
Xom
The Shining One
Lugonu

Shops:
D *[%?


Innate Abilities, Weirdness & Mutations

You cannot wear most types of armour.
You are amphibious.
You can wear up to eight rings at the same time.
You can use your tentacles to constrict eight enemies at once.
Your skin changes colour to match your surroundings (Stealth).
Your rubbery body absorbs attacks (AC +1).


Message History

The puff of flame hits the wight.
You destroy the wight!
Pakellas accepts your kill.
Your Dodging skill increases to level 3!
Your Evocations skill gained 4 levels and is now at level 7!
You have reached level 2!
You have reached level 3!
Your experience leads to an increase in your attributes!
Your base attributes are Str 10, Int 14, Dex 12.
Increase (S)trength, (I)ntelligence, or (D)exterity?
You feel agile.
This wand has 12 charges left.
You start resting.
A jackal skeleton comes into view.
Found a shimmering altar of Xom.
Things that are here:
a short sword; a robe You are too injured to fight recklessly!
The jackal skeleton bites you.
You die...

.... .... _.... ###.....
.### #§...... ...⌠#
######.8..... ..8.#
##∩__.......# ......
###∩....@Z..8.# .8..
##.............###..
#⌠....).....###...#
#⌠..........# #.<.#
#⌠..........###...#
##.............###......
###∩........8.# .8....
##∩_._......# .....
######.8..... ..8.#


You could see a jackal skeleton.

Vanquished Creatures
  A wight (D)
1 creature vanquished.

Notes
Turn   | Place    | Note
--------------------------------------------------------------
     0 | D        | M4edhros the Octopode Artificer began the quest for the Orb.
     0 | D        | Reached XP level 1. HP: 13/13 MP: 3/3
     2 | D        | Found a corrupted altar of Lugonu.
     2 | D        | Found a deep blue altar of Sif Muna.
     4 | D        | Found an oddly glowing altar of Pakellas.
     4 | D        | Found a sacrificial altar of Ru.
     5 | D        | Found Edghirofe's Identification Station.
     5 | D        | Found a glowing golden altar of the Shining One.
     5 | D        | Found Anaimoki's Bee Food.
     5 | D        | Round 1.
     6 | D        | Found Natupp's Advanced Armour.
     6 | D        | Found Naser's Jewellery.
    12 | D        | Became a worshipper of Pakellas the Inventive
    15 | D        | Noticed a wight
    20 | D        | Bought a smoking bone ring for 45 gold pieces
    20 | D        | Bought a sparkling glass ring for 45 gold pieces
    20 | D        | Bought a slimy bronze ring for 45 gold pieces
    20 | D        | Bought a bound steel ring for 45 gold pieces
    20 | D        | Identified the ring "Qopsoy" {+Inv AC+4} (You bought it in a shop in the Dungeon)
    21 | D        | Identified the ring "Cosh" {MR+ Stlth-} (You bought it in a shop in the Dungeon)
    22 | D        | Identified the ring of Fonify {rElec rN+ MR+} (You bought it in a shop in the Dungeon)
    23 | D        | Identified the ring of Beauty {SustAt Str+5 Dex+3} (You bought it in a shop in the Dungeon)
    30 | D        | Killed a wight
    30 | D        | Reached skill level 7 in Evocations
    30 | D        | Reached XP level 2. HP: 2/18 MP: 3/6
    30 | D        | Reached XP level 3. HP: 2/23 MP: 4/8
    34 | D        | Found a shimmering altar of Xom.
    37 | D        | Slain by a jackal skeleton

Vault maps used:
D:        arena_sprint

Action                   || total
-------------------------++-------
Melee: Short sword       ||     2
Evoke: Wand              ||     3
